 Dungeon Crawl Stone Soup version 0.30.0-29-ga12c61a403 (webtiles) character file.

Game seed: 16196130887833060404

29 ChrisAssaf the Vexing (level 3, 0/25 HPs)
             Began as a Barachi Enchanter on June 14, 2023.
             Slain by Sigmund
             ... wielding a +0 scythe
              (6 damage)
             ... on level 3 of the Dungeon.
             The game lasted 00:02:37 (289 turns).

ChrisAssaf the Vexing (Barachi Enchanter)            Turns: 289, Time: 00:02:37

Health: 0/25       AC:  2    Str: 11    XL:     3   Next: 16%
Magic:  2/6        EV: 12    Int: 15    God:
Gold:   59         SH:  0    Dex: 12    Spells: 1/6 levels left

rFire   . . .        a - +1 dagger
rCold   . . .        (no shield)
rNeg    . . .        b - +0 robe
rPois   .            (no helmet)
rElec   .            (no cloak)
rCorr   .            (no gloves)
SInv    .            (no boots)
Will    .....        (no amulet)
Stlth   ++           (no ring)
HPRegen 0.24/turn    (no ring)
MPRegen 0.10/turn

%: no passive effects
@: unable to hop, very slightly contaminated, slow
A: amphibious, slowness 1, strong legs 1, +LOS
a: Hop


You were on level 3 of the Dungeon.
You visited 1 branch of the dungeon, and saw 3 of its levels.

You collected 59 gold pieces.

Inventory:

Hand Weapons
 a - a +1 dagger (weapon)
Armour
 b - a +0 robe (worn)
Potions
 c - a potion of invisibility
 e - a potion of attraction {unknown}


   Skills:
 * Level 0.6 Fighting
 * Level 1.4 Short Blades
 * Level 0.5 Armour
 * Level 2.4 Dodging
 * Level 3.0 Stealth
 * Level 2.3 Spellcasting
 * Level 3.7 Hexes


You had one spell level left.
You knew the following spells:

 Your Spells              Type           Power      Damage    Failure   Level
a - Ensorcelled Hibernat  Hex/Ice        14%        N/A       16%         2
b - Tukima's Dance        Hex            13%        N/A       14%         3

Your spell library contained the following spells:

 Spells                   Type           Power      Damage    Failure   Level
 Confusing Touch          Hex            13%        N/A       14%         3
 Dazzling Flash           Conj/Hex       14%        N/A       30%         3


Dungeon Overview and Level Annotations

Branches:
Dungeon (3/15)

Altars:

Annotations:
D:3 Sigmund


Innate Abilities, Weirdness & Mutations

You are amphibious.
You cover ground slowly.
You can hop short distances.
You have an extended range of vision and can be seen from far away.


Message History

Sigmund barely misses you.
You hit Sigmund.
Sigmund is severely wounded.
Sigmund hits you with a +0 scythe!
* * * LOW HITPOINT WARNING * * *
Hop to where?
Press: ? - help, Dir - move target, p - Sigmund
Found 17 gold pieces.
Boing!
You flicker for a moment.
You see here 17 gold pieces.
You now have 59 gold pieces (gained 17).
It was a potion of heal wounds.
You feel much better.
You flicker back into view.
Sigmund shouts!
You hit Sigmund but do no damage.
Sigmund is severely wounded.
A rat comes into view.
Sigmund misses you.
You completely miss Sigmund.
Sigmund is severely wounded.
A worm comes into view.
You barely miss Sigmund.
Sigmund is severely wounded.
Sigmund casts a spell.
Sigmund flickers and vanishes!
Deactivating autopickup; reactivate with Ctrl-A.
You hear an angry hiss.
You barely miss something.
You hear some strange, mumbled words.
A puff of flame appears from out of thin air!
The puff of flame misses you.
You miss something. Something hits you.
A frilled lizard comes into view.
You barely miss something. Something hits you!
You hit something.
Okay, then.
Something hits you!
* * * LOW HITPOINT WARNING * * *
Something hits you.
You die...

#.# #.# #.# ##.##
#######...###
#...........
#........r#
#......l{####..###
#.......@w........
#.......#####..###
#.......#
#.......#
###.....####
#.....?....#
#.#.....##
#.##...##
####.###.##


You could see a worm, a frilled lizard and a rat.

Vanquished Creatures
  2 adders (D:2)
  A dart slug (D:1)
  A bat (D:2)
  An endoplasm (D:1)
  A quokka (D:1)
  A ball python (D:1)
  A frilled lizard (D:2)
  3 rats
11 creatures vanquished.

Notes
Turn   | Place    | Note
-------+----------+-------------------------------------------
     0 | D:1      | ChrisAssaf the Barachi Enchanter began the quest for the
                  | Orb.
     0 | D:1      | Reached XP level 1. HP: 13/13 MP: 3/3
   129 | D:1      | Reached XP level 2. HP: 17/19 MP: 5/5
   132 | D:1      | Learned a level 2 spell: Ensorcelled Hibernation
   221 | D:2      | Reached XP level 3. HP: 25/25 MP: 3/6
   241 | D:2      | Learned a level 3 spell: Tukima's Dance
   251 | D:3      | Noticed Sigmund
   289 | D:3      | Slain by Sigmund

Illustrated notes

Levels and vault maps discovered:
D:1:      dpeg_arrival_central, layout_basic, chequers_ecumenical_altar_lobes
D:2:      layout_rooms, guppyfry_early_orc_mine
D:3:      layout_loops_ring, lemuel_round_altar, uniq_sigmund

Skill      XL: |  1  2 |
---------------+-------+-----
Stealth        | 3 |  3.0
Fighting       | |  0.6
Short Blades   | |  1.4
Armour         | |  0.5
Dodging        | |  2.4
Spellcasting   | |  2.3
Hexes          | |  3.7

Action                     || total
---------------------------++-------
  Melee: Dagger            ||    49
   Cast: Ensorcelled Hiber ||     1
Ability: Hop               ||     2
    Use: Potion            ||     2
   Stab: Sleeping          ||     3
         Invisible         ||     1
 Armour: Robe              ||     3
  Dodge: Dodged            ||    28
